 Dungeon Crawl Stone Soup version 0.32-a0-933-ga8fa3634e4 (webtiles) character file.

Game seed: 13894850587672316819

188458 Foxy the Fetichist (level 18, -1/151 HPs)
             Began as a Coglin Berserker on Apr 14, 2024.
             Was a High Priest of Trog.
             Slain by an entropy weaver (4 damage)
             ... on level 1 of the Vaults.
             The game lasted 01:13:22 (33470 turns).

Foxy the Fetichist (Coglin Berserker)              Turns: 33470, Time: 01:13:23

Health: -1/151     AC: -6    Str: 25    XL:     18   Next: 10%
Magic:  18/18      EV: 19    Int: 12    God:    Trog [*****.]
Gold:   1393       SH:  0    Dex: 20    Spells: 17/17 levels left

rFire   + + .        J - +9 morningstar "Xickoit" {pain, Fly Dex+6}
rCold   + + .        P - +8 eveningstar of Sudden Death {venom, ^Drain rF++ rN+ Int+2}
rNeg    + . .        U - +0 ice dragon scales
rPois   .            M - +1 helmet {Int+3}
rElec   +            E - +0 cloak
rCorr   .            S - +2 pair of gloves
SInv    .            R - +0 pair of boots
Will    +....        (amulet unavailable) Stlth
                     (ring unavailable)
HPRegen 0.45/turn    (ring unavailable)
MPRegen 0.16/turn    O - gyrorecursive ramjet {Gadgeteer, rElec rF+}

%: no passive effects
@: corroded, flying, revved
A: off-hand wielding, slow wielding, warmup strikes, no jewellery
}: 1/15 runes: decaying
a: Renounce Religion, Berserk, Trog's Hand, Brothers in Arms


You were on level 1 of the Vaults.
You worshipped Trog.
Trog was extremely pleased with you.
You visited 5 branches of the dungeon, and saw 27 of its levels.
You also visited: Bailey and Gauntlet.

You collected 2980 gold pieces.
You spent 1587 gold pieces at shops.

Inventory:

Hand Weapons
 d - the +4 demon whip of Division {flame, rN+ Will+ Dex+4}
   (Trog gifted it to you on level 2 of the Orcish Mines)

   Dex+4:     It affects your dexterity (+4).
   rN+:       It protects you from negative energy.
   Will+:     It increases your willpower.
 J - the +9 morningstar "Xickoit" (weapon) {pain, Fly Dex+6}
   (You found it in a Gauntlet)

   Dex+6:     It affects your dexterity (+6).
   Fly:       It grants you flight.
 P - the +8 eveningstar of Sudden Death (offhand) {venom, ^Drain rF++ rN+ Int+2}
   (You acquired it on level 3 of the Lair of Beasts)

   Int+2:     It affects your intelligence (+2).
   rF++:      It greatly protects you from fire.
   rN+:       It protects you from negative energy.
   ^Drain:    It drains your maximum health when unequipped.
 Q - the +7 morningstar "Idi Munn" {heavy, *Corrode +Blink rN+ Will+}
   (Trog gifted it to you on level 2 of the Lair of Beasts)

   rN+:       It protects you from negative energy.
   Will+:     It increases your willpower.
   +Blink:    It lets you blink.
   *Corrode:  It may corrode you when you take damage.
Missiles
 c - 8 throwing nets
 n - 54 poisoned darts (quivered)
 w - 10 silver javelins
 T - 6 curare-tipped darts
Armour
 s - a +1 scale mail of willpower
 y - +0 swamp dragon scales
 E - a +0 cloak (worn)
 M - a +1 helmet of intelligence (worn)
 R - a +0 pair of boots (worn)
 S - a +2 pair of gloves (worn)
 U - +0 ice dragon scales (worn)
Gizmo
 O - a gyrorecursive ramjet (installed) {Gadgeteer, rElec rF+}
   (You invented it yourself on level 1 of the Lair of Beasts)

   [gyrorecursive ramjet]

   Gadgeteer: Your evocable items recharge 30% faster and wands have a 30%
   chance to not spend a charge.
   rF+:       It protects you from fire.
   rElec:     It insulates you from electricity.
Wands
 h - a wand of iceblast (38)
 v - a wand of polymorph (15)
 C - a wand of paralysis (50)
 D - a wand of flame (28)
 I - a wand of acid (12)
 N - a wand of digging (6)
Scrolls
 a - a scroll of torment
 b - 5 scrolls of vulnerability
 f - 6 scrolls of fog
 g - 11 scrolls of teleportation
 i - 5 scrolls of immolation
 j - a scroll of brand weapon {unknown}
 o - 3 scrolls of poison
 p - 4 scrolls of enchant armour
 x - a scroll of summoning
 z - a scroll of silence
 B - 3 scrolls of enchant weapon
 G - 3 scrolls of revelation
 L - 3 scrolls of blinking
Potions
 e - a potion of attraction
 k - 4 potions of heal wounds
 l - 4 potions of haste
 m - a potion of mutation
 q - 2 potions of resistance
 r - 10 potions of curing
 t - 6 potions of lignification
 u - 4 potions of might
 A - a potion of invisibility
 F - a potion of ambrosia
 H - 2 potions of cancellation
 K - 2 potions of enlightenment


   Skills:
 + Level 15.9 Fighting
 - Level 16.0 Maces & Flails
 - Level 8.3 Polearms
 + Level 9.5 Armour
 - Level 15.0 Dodging
 + Level 19.8 Evocations


You had 17 spell levels left.
You didn't know any spells.
Your spell library was empty.

Dungeon Overview and Level Annotations

Branches:
Dungeon (15/15)            Temple (0/1) D:6            Lair (5/5) D:9
  Swamp (4/4) Lair:2       Spider (0/4) Lair:2        Slime (0/5) Lair:5
    Orc (2/2) D:12            Elf (0/3) Orc:2        Vaults (1/5) D:14
 Depths (0/4) D:15         Bailey (visited)         Gauntlet (visited)

Altars:
Ashenzari
Dithmenos
Elyvilon
Fedhas
Gozag
Hepliaklqana
Kikubaaqudgha
Makhleb
Qazlal
Ru
Trog
Wu Jian
Xom
Yredelemnul
Zin
The Shining One

Shops:
D:1 ?   D:2 ?   D:3 ([*[*   D:5 [=**?   D:6 :*   D:7 (   Orc:2 (:*(
Vaults:1 ((!

Portals:
Trove: D:15 (give 4 potions of resistance)


Innate Abilities, Weirdness & Mutations

You can wield a second weapon in your off-hand.
It takes a long time for you to wield or remove held weapons.
Your first few attacks do less damage.
You cannot equip rings or amulets.


Message History

Unknown command.
You are too injured to fight recklessly!
Unknown command.
You are too injured to fight recklessly!
Unknown command.
You hit the entropy weaver but do no damage.
The entropy weaver is moderately wounded.
You completely miss the entropy weaver with the +8 eveningstar of Sudden Death.
The entropy weaver hits you! The entropy weaver closely misses you.
The entropy weaver hits you. The entropy weaver barely misses you.
You puncture the entropy weaver with the +8 eveningstar of Sudden Death!
The entropy weaver looks as sick as possible!
The entropy weaver is heavily wounded.
You barely miss the entropy weaver with the +9 morningstar "Xickoit".
The entropy weaver points at you and mumbles some strange words.
The entropic weave corrodes you!
You closely miss the entropy weaver with the +9 morningstar "Xickoit".
The entropy weaver is heavily wounded.
You hit the entropy weaver but do no damage.
The entropy weaver looks as sick as possible!
You barely miss the entropy weaver with the +8 eveningstar of Sudden Death.
The entropy weaver is heavily wounded.
You barely miss the entropy weaver with the +9 morningstar "Xickoit".
The entropy weaver barely misses you. The entropy weaver hits you!
* * * LOW HITPOINT WARNING * * *
The entropy weaver hits you!
* * * LOW HITPOINT WARNING * * *
The entropy weaver misses you.
You hit the entropy weaver with the +8 eveningstar of Sudden Death.
The entropy weaver looks as sick as possible!
The entropy weaver is heavily wounded.
You barely miss the entropy weaver with the +9 morningstar "Xickoit".
The entropy weaver hits you!
* * * LOW HITPOINT WARNING * * *
The entropy weaver hits you.
* * * LOW HITPOINT WARNING * * *
The entropy weaver hits you.
* * * LOW HITPOINT WARNING * * *
The entropy weaver hits you.
You die...

#.#+#.+.# ####
#.....#.. ##...#+#
#..#..... #......#
##)'+#+#+ ##...#
#..#..... #...#
#.....#..
##+#..†#######'#######
#.....†'...........#
#...B@.#...........#
#......#..#######..#
#.###..#..# ..#
#.#∩#..#..# .#
#.#+#..#..# #
#......#..#
#......#..#
#......#..# #...


You could see an entropy weaver (extremely poisoned).

Vanquished Creatures
  Nikola (Swamp:2)
  Rupert (Lair:5)
  A tentacled monstrosity (Swamp:2)
  A sphinx (D:14)
  4 fenstrider witches
  2 vault wardens (Vaults:1)
  A deep elf sorcerer (Vaults:1)
  2 ironbound preservers (Vaults:1)
  2 orc warlords (Vaults:1)
  An ironbound thunderhulk (Vaults:1)
  2 eleionomae (Swamp:3)
  Nessos (D:15)
  A deep elf death mage (Vaults:1)
  A minotaur (Gauntlet)
  6 dire elephants
  5 bunyips
  Snorg (D:10)
  2 ettins (Vaults:1)
  A fire dragon (D:15)
  An entropy weaver (Vaults:1)
  A shambling mangrove (Swamp:3)
  A yaktaur captain (Vaults:1)
  4 ice dragons
  Harold (Lair:1)
  2 great orbs of eyes (Vaults:1)
  Fannar (Lair:2)
  8 hydras
  3 ogre magi (Orc:2)
  2 ghost crabs
  10 alligators
  3 catoblepae
  An ironbound frostheart (Vaults:1)
  5 boulder beetles
  4 centaur warriors
  A death knight (D:14)
  17 two-headed ogres
  2 death yaks
  A hell hog (Gauntlet)
  An orc high priest (Bailey)
  An occultist (D:14)
  Nergalle (Lair:1)
  Urug (Lair:1)
  2 skysharks
  8 skeletal warriors
  4 goliath frogs
  A spectral anaconda (Lair:5)
  3 swamp dragons
  An obsidian statue (Lair:5)
  4 deep trolls (Vaults:1)
  An arcanist (D:15)
  6 lindwurms
  5 bog bodies
  2 deep elf pyromancers
  5 necromancers
  An obsidian bat (Orc:2)
  4 orc knights
  A thermic dynamo (D:14)
  5 ironbound convokers (Vaults:1)
  An orc sorcerer (Orc:1)
  A tengu skeleton (Vaults:1)
  8 will-o-the-wisps
  11 ugly things
  Maurice (D:10)
  A stone giant zombie (Vaults:1)
  6 cyclopes
  A worldbinder (Gauntlet)
  3 manticores (D:14)
  2 kobold blastminers (Orc:1)
  12 elephants
  A dire elephant zombie (Lair:5)
  An elf zombie (Vaults:1)
  2 vault sentinels (Vaults:1)
  3 black mambas
  A moth of wrath (shapeshifter) (D:14)
  Joseph (D:10)
  3 torpor snails
  3 gargoyles
  13 cane toads
  A smoke demon (Gauntlet)
  2 rime drakes
  Maggie (D:6)
  5 yaktaurs
  8 komodo dragons
  Psyche (D:8)
  5 freezing wraiths
  3 kobold demonologists
  A red devil (Gauntlet)
  7 trolls
  2 merfolk (D:15)
  13 hornets
  7 polar bears
  7 tyrant leeches
  A spectral elephant (Lair:5)
  12 blink frogs
  9 dream sheep
  17 slime creatures
  12 spriggans
  A shadow (D:10)
  A vampire (D:10)
  4 wraiths
  21 yaks
  A wyvern (Lair:2)
  3 fire bats (Gauntlet)
  3 basilisks
  11 humans (D:15)
  2 redbacks (Vaults:1)
  8 vampire mosquitoes
  3 wargs
  2 death yak simulacra (Lair:5)
  5 swamp worm simulacra (Swamp:4)
  Grum (D:10)
  Menkaure (D:7)
  16 swamp worms
  Edmund (D:6)
  2 two-headed ogre zombies (D:12)
  An acid dragon (D:13)
  A hell hound (Gauntlet)
  11 water moccasins
  14 hydra simulacra (Swamp:4)
  A glowing shapeshifter skeleton (Vaults:1)
  2 elephant zombies (Lair:5)
  A human zombie (Vaults:1)
  2 ice beasts (D:5)
  38 orc warriors
  A black bear (D:6)
  2 laughing skulls (D:14)
  2 swamp drakes
  20 ogres
  A boggart (Gauntlet)
  13 wolves
  7 centaurs
  2 phantoms
  2 kobold brigands (D:6)
  15 bullfrogs
  A cane toad simulacrum (Lair:5)
  9 scorpions
  13 wights
  2 troll zombies (D:12)
  7 electric eels
  2 howler monkeys
  3 crimson imps (Gauntlet)
  4 hounds
  2 jellies
  2 gnoll boudas
  13 orc priests
  5 hell rats (Lair:2)
  4 iguanas
  19 orc wizards
  4 ogre zombies (D:12)
  9 adders
  24 gnolls
  10 river rats (D:5)
  A shadow imp (D:6)
  A white imp (D:6)
  2 ufetubi (D:6)
  3 swamp drake simulacra (Swamp:4)
  3 ribbon worms
  2 dart slugs
  79 orcs
  8 ball pythons
  3 endoplasms
  2 giant cockroaches
  13 goblins
  11 hobgoblins
  7 jackals (D:2)
  12 quokkas
  4 bats
  2 frilled lizards
  4 gnoll skeletons (D:12)
  2 gnoll zombies (D:12)
  19 kobolds
  10 orc skeletons (D:12)
  9 orc zombies (D:12)
  19 rats
921 creatures vanquished.

Vanquished Creatures (collateral kills)
  An ogre mage (Orc:2)
  2 two-headed ogres (Orc:2)
  7 ogres (Orc:2)
10 creatures vanquished.

Vanquished Creatures (others)
  A spriggan (Swamp:2)
  A bloated husk (Swamp:2)
  A tyrant leech (Swamp:2)
  A hornet (Swamp:2)
  A human (Swamp:4)
  2 orc wizards
  52 foxfires
59 creatures vanquished.

Grand Total: 990 creatures vanquished

Notes
Turn   | Place    | Note
-------+----------+-------------------------------------------
     0 | D:1      | Foxy the Coglin Berserker began the quest for the Orb.
     0 | D:1      | Reached XP level 1. HP: 18/18 MP: 1/1
   176 | D:1      | Reached XP level 2. HP: 24/24 MP: 2/2
   226 | D:1      | Found Miher's Magic Scroll Shop.
   240 | D:1      | Bought a scroll of identify for 24 gold pieces
   677 | D:2      | Reached XP level 3. HP: 22/29 MP: 3/3
   937 | D:2      | Reached ** piety under Trog
   951 | D:2      | Reached XP level 4. HP: 35/35 MP: 4/4
  1068 | D:2      | Found Keparaath's Magic Scroll Boutique.
  1083 | D:2      | Bought a scroll of teleportation for 42 gold pieces
  1088 | D:2      | Found a faded altar of an unknown god.
  1299 | D:3      | Found Ciar's Antique Armour Emporium.
  1482 | D:3      | Found Puzunawk's Antique Armour Boutique.
  1495 | D:3      | Reached XP level 5. HP: 36/42 MP: 5/5
  1532 | D:3      | Found Sergh's General Store.
  1578 | D:3      | Found Zywabor's Antique Weapon Boutique.
  1921 | D:3      | Found Sirunil's General Store.
  1929 | D:3      | Found an ornate altar of the Wu Jian Council.
  1945 | D:3      | Found a bloodstained altar of Trog.
  2497 | D:4      | Reached XP level 6. HP: 48/48 MP: 6/6
  2638 | D:4      | Found a sacrificial altar of Ru.
  3069 | D:5      | Entered Level 5 of the Dungeon
  3135 | D:5      | Found Natualif's General Store.
  3270 | D:5      | Noticed an ice beast
  3557 | D:5      | Killed an ice beast
  3558 | D:5      | Reached skill level 5 in Polearms
  3558 | D:5      | Found Diwam's General Store.
  3563 | D:5      | Reached skill level 1 in Maces & Flails
  3564 | D:5      | Reached XP level 7. HP: 55/55 MP: 7/7
  3820 | D:5      | Reached *** piety under Trog
  4062 | D:5      | Found Utwed's Armour Boutique.
  4239 | D:5      | Reached skill level 5 in Fighting
  4283 | D:5      | Reached XP level 8. HP: 48/62 MP: 8/8
  4315 | D:5      | Reached **** piety under Trog
  4525 | D:5      | Found Kainyugu's Jewellery Boutique.
  4537 | D:5      | Noticed Menkaure
  4867 | D:5      | Found Sonua's Magic Scroll Boutique.
  4990 | D:6      | Found a staircase to the Ecumenical Temple.
  4991 | D:6      | Noticed Maggie
  5124 | D:6      | Killed Maggie
  5212 | D:6      | Found an ancient bone altar of Kikubaaqudgha.
  5279 | D:6      | Found Efiruips's Vocational Training.
  5362 | D:6      | Noticed Edmund
  5377 | D:6      | Killed Edmund
  5421 | D:6      | Reached skill level 1 in Evocations
  5483 | D:6      | Reached XP level 9. HP: 69/69 MP: 9/9
  5491 | D:6      | Reached skill level 5 in Dodging
  5516 | D:6      | Found Zin's Purification Station.
  5519 | D:6      | Found a glowing silver altar of Zin.
  5693 | D:6      | Reached skill level 2 in Evocations
  5951 | D:6      | Noticed a two-headed ogre
  5962 | D:6      | Killed a two-headed ogre
  5963 | D:6      | Reached skill level 3 in Evocations
  6697 | D:7      | Found Mefiych's Firing Range.
  6699 | D:7      | You fall into a shaft and drop 1 floor!
  6812 | D:8      | Reached skill level 4 in Evocations
  6886 | D:7      | Killed Menkaure
  7008 | D:7      | Found a burning altar of Makhleb.
  7015 | D:7      | Identified the +11 whip of the Pits of Slime {drain, Str+3
                  | Int-5}
  7107 | D:7      | Reached XP level 10. HP: 75/77 MP: 10/10
  7491 | D:7      | Found a basalt altar of Yredelemnul.
  7494 | D:7      | Found a broken altar of Ashenzari.
  7663 | D:8      | Reached skill level 5 in Evocations
  7665 | D:8      | Reached skill level 5 in Maces & Flails
  7867 | D:8      | Noticed Psyche
  7877 | D:8      | Killed Psyche
  7934 | D:8      | Found a blossoming altar of Fedhas.
  8239 | D:9      | Found a white marble altar of Elyvilon.
  8381 | D:9      | Found a shimmering altar of Xom.
  8393 | D:9      | Found a flagged portal.
  8393 | D:9      | Noticed a two-headed ogre
  8400 | D:9      | Killed a two-headed ogre
  8401 | D:9      | Reached skill level 6 in Evocations
  8429 | Bailey   | Entered a bailey
  8512 | Bailey   | Reached ***** piety under Trog
  8559 | Bailey   | Reached skill level 7 in Evocations
  8686 | Bailey   | Reached XP level 11. HP: 62/86 MP: 11/11
  8765 | Bailey   | Noticed an orc high priest
  8774 | Bailey   | Killed an orc high priest
  8795 | Bailey   | Identified the +5 scale mail "Weubuecw" {rF++ Int-2 Dex+5}
  8802 | Bailey   | Found an iron altar of Okawaru.
  8818 | Bailey   | Acquired a manual of Dodging
  8878 | Bailey   | Lost intelligence.
  8964 | Bailey   | Reached skill level 8 in Evocations
  9185 | D:9      | Found an opulent altar of Gozag.
  9411 | D:9      | Found a staircase to the Lair.
  9521 | D:9      | Received a gift from Trog
  9864 | D:10     | Entered Level 10 of the Dungeon
  9936 | D:10     | Noticed Joseph
  9946 | D:10     | Killed Joseph
 10135 | D:10     | Noticed a deep elf pyromancer
 10137 | D:10     | Found a shadowy altar of Dithmenos.
 10143 | D:10     | Killed a deep elf pyromancer
 10191 | D:10     | Noticed Maurice
 10203 | D:10     | Killed Maurice
 10216 | D:10     | Found the +10 dark maul {heavy}
 10431 | D:10     | Noticed Grum
 10438 | D:10     | Killed Grum
 10465 | D:10     | Noticed Snorg
 10549 | D:10     | Killed Snorg
 10550 | D:10     | Reached skill level 9 in Evocations
 10702 | D:11     | Noticed a two-headed ogre
 10706 | D:11     | Killed a two-headed ogre
 10720 | D:11     | Reached XP level 12. HP: 95/95 MP: 12/12
 10792 | D:11     | Noticed a two-headed ogre
 10796 | D:11     | Killed a two-headed ogre
 11139 | D:11     | Found a hazy altar of Hepliaklqana.
 11529 | D:12     | Found a staircase to the Orcish Mines.
 11717 | D:12     | Reached skill level 10 in Evocations
 11796 | D:12     | Noticed a two-headed ogre
 11802 | D:12     | Killed a two-headed ogre
 11941 | D:12     | Reached skill level 10 in Dodging
 12114 | D:12     | Noticed a boulder beetle
 12133 | D:12     | Killed a boulder beetle
 12134 | D:12     | Reached skill level 10 in Fighting
 12631 | D:12     | Noticed a two-headed ogre
 12639 | D:12     | Killed a two-headed ogre
 13005 | D:13     | Reached skill level 10 in Maces & Flails
 13105 | D:13     | Noticed a centaur warrior
 13119 | D:13     | Killed a centaur warrior
 13136 | D:13     | Found a gate leading to a gauntlet.
 13159 | Gauntlet | Entered a Gauntlet
 13159 | Gauntlet | Found a transporter.
 13159 | Gauntlet | Found a transporter.
 13163 | Gauntlet | Found a transporter.
 13165 | Gauntlet | Found a transporter.
 13184 | Gauntlet | Found a transporter.
 13202 | Gauntlet | Found a transporter.
 13204 | Gauntlet | Found a transporter.
 13204 | Gauntlet | Found a transporter.
 13207 | Gauntlet | Noticed a death yak
 13207 | Gauntlet | Noticed a death yak
 13207 | Gauntlet | Noticed a death yak
 13218 | Gauntlet | Found a transporter.
 13234 | Gauntlet | Found a transporter.
 13256 | Gauntlet | Noticed a hell hog
 13259 | Gauntlet | Found a transporter.
 13264 | Gauntlet | Found a transporter.
 13310 | Gauntlet | Found a transporter.
 13324 | Gauntlet | Found a transporter.
 13363 | Gauntlet | Identified the +9 morningstar "Xickoit" {pain, Fly Dex+6}
 13387 | Gauntlet | Reached XP level 13. HP: 66/104 MP: 13/13
 13540 | Gauntlet | Identified the +8 battleaxe of False Accusations {chaos,
                  | Str+5}
 13540 | Gauntlet | Noticed a minotaur
 13550 | Gauntlet | Killed a minotaur
 13565 | Gauntlet | Identified the +6 falchion of the Median {drain, rPois rF-
                  | Stlth+}
 14137 | D:14     | Found a gate to the Vaults.
 14327 | D:14     | Noticed a sphinx
 14338 | D:14     | Killed a sphinx
 14592 | D:14     | Received a gift from Trog
 14959 | D:14     | Identified the +2 short sword of Bodily Harmony {drain,
                  | rPois rCorr Int+3 Dex+3}
 15254 | Lair:1   | Entered Level 1 of the Lair of Beasts
 15363 | Lair:1   | Noticed Urug
 15390 | Lair:1   | Killed Urug
 15416 | Lair:1   | Noticed Nergalle
 15427 | Lair:1   | Killed Nergalle
 15428 | Lair:1   | Reached XP level 14. HP: 114/114 MP: 14/14
 15456 | Lair:1   | Acquired a gyrorecursive ramjet {Gadgeteer, rElec rF+}
 15612 | D:6      | Bought a manual of Evocations for 880 gold pieces
 16019 | Lair:1   | Noticed Harold
 16030 | Lair:1   | Killed Harold
 16498 | Lair:2   | Found a runed translucent door.
 16621 | Lair:2   | Reached skill level 11 in Evocations
 16699 | Lair:2   | Noticed Fannar
 16709 | Lair:2   | Killed Fannar
 16916 | Lair:2   | Found a hole to the Spider Nest.
 16921 | Lair:2   | Identified the +7 morningstar "Idi Munn" {heavy, *Corrode
                  | +Blink rN+ Will+} (Trog gifted it to you on level 2 of the
                  | Lair of Beasts)
 16921 | Lair:2   | Received a gift from Trog
 16977 | Lair:2   | Found a staircase to the Swamp.
 17507 | Lair:3   | Acquired the +8 eveningstar of Sudden Death {venom, ^Drain
                  | rF++ rN+ Int+2}
 17573 | Lair:3   | Reached skill level 12 in Evocations
 19204 | Lair:4   | Reached skill level 13 in Evocations
 19430 | Lair:5   | Entered Level 5 of the Lair of Beasts
 19502 | Lair:5   | Noticed a dire elephant
 19503 | Lair:5   | Noticed a dire elephant
 19524 | Lair:5   | Reached XP level 15. HP: 120/122 MP: 15/15
 19967 | Lair:5   | Received a gift from Trog
 19970 | Lair:5   | Reached skill level 14 in Evocations
 20107 | Lair:5   | Found a staircase to the Slime Pits.
 20166 | Lair:5   | Noticed Rupert
 20177 | Lair:5   | Killed Rupert
 20820 | D:14     | Found a glowing golden altar of the Shining One.
 20821 | D:14     | Found a glowing silver altar of Zin.
 20823 | D:14     | Found a white marble altar of Elyvilon.
 21294 | D:15     | Entered Level 15 of the Dungeon
 21556 | D:15     | Found a staircase to the Depths.
 21651 | D:15     | Reached skill level 15 in Maces & Flails
 21822 | D:15     | Reached skill level 15 in Evocations
 22002 | D:15     | Found a portal to a secret trove of treasure.
 22220 | D:15     | Noticed Nessos
 22227 | D:15     | Killed Nessos
 22418 | D:15     | Found a stormy altar of Qazlal.
 22555 | Orc:1    | Entered Level 1 of the Orcish Mines
 22745 | Orc:1    | Reached ****** piety under Trog
 22843 | Orc:1    | Reached XP level 16. HP: 129/131 MP: 16/16
 23220 | Orc:2    | Entered Level 2 of the Orcish Mines
 23233 | Orc:2    | Identified the +4 demon whip of Division {flame, rN+ Will+
                  | Dex+4} (Trog gifted it to you on level 2 of the Orcish
                  | Mines)
 23233 | Orc:2    | Received a gift from Trog
 23265 | Orc:2    | Reached skill level 5 in Armour
 23309 | Orc:2    | HP: 4/132 [two-headed ogre/+0 giant club (24)]
 23309 | Orc:2    | HP: 1/132 [something (3)]
 23514 | Orc:2    | Found a staircase to the Elven Halls.
 23595 | Orc:2    | Reached skill level 16 in Evocations
 23689 | Orc:2    | Received a gift from Trog
 23956 | Orc:2    | Found Laguihan's Antique Weapon Shoppe.
 23956 | Orc:2    | Found Dynusu Satu's General Store.
 23957 | Orc:2    | Found Emir's Book Boutique.
 23957 | Orc:2    | Found Baytz's Antique Weapon Emporium.
 24485 | D:3      | Bought a shiny chain mail for 165 gold pieces
 24503 | D:3      | Bought a shiny scale mail for 182 gold pieces
 24725 | Orc:2    | Bought a scroll of torment for 133 gold pieces
 24725 | Orc:2    | Bought a scroll of silence for 133 gold pieces
 24725 | Orc:2    | Bought a scroll of identify for 28 gold pieces
 24908 | Swamp:1  | Entered Level 1 of the Swamp
 26264 | Swamp:2  | Noticed a tentacled monstrosity
 26266 | Swamp:2  | Noticed Nikola
 26275 | Swamp:2  | Killed a tentacled monstrosity
 26532 | Swamp:2  | Killed Nikola
 26533 | Swamp:2  | Reached skill level 17 in Evocations
 27459 | Swamp:3  | Identified the +1 demon whip "Clean Arbiter" {heavy, Will+
                  | Dex+4} (Trog gifted it to you on level 3 of the Swamp)
 27459 | Swamp:3  | Received a gift from Trog
 27527 | Swamp:3  | Noticed a fenstrider witch
 27714 | Swamp:3  | Killed a fenstrider witch
 27715 | Swamp:3  | Reached XP level 17. HP: 37/140 MP: 17/17
 27718 | Swamp:3  | Reached skill level 15 in Dodging
 28042 | Swamp:3  | Reached skill level 18 in Evocations
 28788 | Swamp:4  | Entered Level 4 of the Swamp
 29272 | Swamp:4  | Received a gift from Trog
 29804 | Swamp:4  | Paralysed by a fenstrider witch for 5 turns
 29815 | Swamp:4  | Paralysed by a fenstrider witch for 5 turns
 29824 | Swamp:4  | Reached skill level 15 in Fighting
 30075 | Swamp:4  | Found a runed translucent door.
 31231 | Swamp:4  | Got a decaying rune of Zot
 31537 | Vaults:1 | Entered Level 1 of the Vaults
 31587 | Vaults:1 | Found Imizol's Antique Weapon Boutique.
 31723 | Vaults:1 | Reached skill level 19 in Evocations
 31970 | Vaults:1 | Received a gift from Trog
 33061 | Vaults:1 | Reached XP level 18. HP: 139/151 MP: 18/18
 33325 | Vaults:1 | Found Qeihoost's Distillery.
 33450 | Vaults:1 | Found Meetseen's Antique Weapon Shoppe.
 33470 | Vaults:1 | HP: 6/151 [entropy weaver (5)]
 33470 | Vaults:1 | Slain by an entropy weaver

Illustrated notes

Levels and vault maps discovered:
D:1:      lightli_arrival_flooded_house, layout_basic, serial_shops, shop,
          minivault_4
D:2:      layout_basic, shapermc_ecumenical_altar_starsandcircs, serial_shops,
          nicolae_square_shop, kennysheep_crisscross,
          chequers_serial_rivers_micro_b
D:3:      layout_rooms, mainiacjoe_overflow_catch_the_wave,
          serial_co_window_serial, co_window_of_opportunity_a,
          co_window_paths_b, co_window_corner_a, co_window_paths_a,
          co_window_corner_a, co_window_broadway_b, co_window_broadway_c,
          co_window_corner_b, co_window_2corner, co_window_corner_b,
          co_window_4corner_b, serial_shops, shop, shop,
          nicolae_shop_hallway_plus, shop, nicolae_shop_tiny_statue_garden,
          chequers_avenue
D:4:      layout_loops_ring, lemuel_tele_altar
D:5:      lemuel_ratsnest, layout_cave_pools, serial_shops, nicolae_shop_trees,
          shop, shop, nicolae_take_the_stairs, shop,
          chequers_serial_rivers_micro_a, hex_large,
          chequers_serial_rivers_large_b, uniq_menkaure
D:6:      layout_gridville, zin_purify, mainiacjoe_overflow_small_starburst,
          minmay_temple_entry_proselytizer, nicolae_shop_vocational,
          uniq_maggie, uniq_edmund
D:7:      layout_loops_ring, bloody_makhleb, nicolae_overflow_hidden_temple,
          columned_hall_lemuel, minmay_hedge_maze,
          chequers_serial_rivers_room_b, nicolae_shop_firing_range
D:8:      layout_basic, mainiacjoe_overflow_surrounded_room, uniq_psyche
D:9:      layout_roguey, xom_teletrap_fun, mainiacjoe_overflow_cross_hatched,
          elyvilon_altar_1, lair_entry_dummy, enter_bailey_3
D:10:     layout_irregular_city, grunt_dithmenos_smoke_and_mirrors,
          nicolae_figureground_sparkle, uniq_maurice, uniq_grum, uniq_joseph,
          uniq_snorg
D:11:     nicolae_cairo_tiling_very_big, layout_rooms,
          hangedman_abyss_or_decor_stagger, worldfamousw_hep_ancestral_shrine
D:12:     layout_layer_cave, zombieorc2_lemuel, chequers_serial_rivers_small_3
D:13:     layout_basic, gauntlet_entry_generic, tgw_fedhas
D:14:     minmay_complete_graph, layout_basic, good_gods_mini_temple
D:15:     grunt_enter_depths_hoard, layout_small_grid, enter_trove_3,
          minmay_misc_feat_four_crosses, chequers_jeans, roadster_trireme,
          uniq_nessos
Lair:1:   layout_chaotic_city, serial_bayou_shore_a, uniq_urug, uniq_nergalle,
          uniq_harold
Lair:2:   gammafunk_lair_enchanted_lake, layout_chaotic_city, swamp_mist,
          nicolae_spider_entry_non_spiders, uniq_fannar
Lair:3:   layout_concentric_octagons
Lair:4:   layout_gridlike, cheibrodos_lair_lostbears
Lair:5:   due_jungle_book, layout_misc_corridors, slime_entry_1, uniq_rupert
Swamp:1:  layout_basic_swamp, infiniplex_staircase_pool,
          nicolae_swamp_stuck_in_the_mud, nicolae_swamp_wisp_ring_woods
Swamp:2:  layout_falls_marsh, evilmike_swamp_ruin_rubble_2, uniq_nikola
Swamp:3:  layout_basic_swamp, serial_swamp_ruin, evilmike_swamp_ruin_house_1,
          evilmike_swamp_ruin_house_5, evilmike_swamp_ruin_rubble_1
Swamp:4:  swamp_icy, layout_basic_swamp, swamp_pool_4, nzn_swamp_weyward_sisters
Orc:1:    layout_diamond_mine, nicolae_orc_stony_grotto
Orc:2:    st_orc_ogre_mass, layout_caves
Vaults:1: nicolae_vaults_shrinking_rooms_1, grunt_vaults_trifunnel,
          v_alt_pattern_1, nicolae_vaults_thirteen_compartments,
          ontoclasm_vaults_loading_screen, nicolae_vaults_asterisk,
          nicolae_vaults_door_testing_chamber, dpeg_vaults_monster_box,
          vaults_dpeg_diagonal, nicolae_vaults_three_branches, v_misc_3,
          nicolae_vaults_offset_grid_hallway_4, vaults_room_ringed_pool,
          layout_vaults_maze_snakey, serial_shops, shop,
          nicolae_shop_tiny_glass, nicolae_shop_trees,
          nicolae_shop_window_shopping

Skill      XL: |  1  2  3  4  5  6  7  8  9 10 11 12 13 14 15 16 17 |
---------------+----------------------------------------------------+-----
Polearms       | 3 4 5 6 7 8 |  8.3
Dodging        | 2 3 4 5 7 9 11 12 13 14 15 | 15.0
Fighting       | 4 5 6 8 9 10 11 12 13 14 15 | 15.9
Maces & Flails | 1 2 3 4 6 8 10 12 14 15 16 | 16.0
Evocations     | 1 4 7 9 10 13 15 17 19 | 19.8
Armour         | 2 4 6 9 |  9.5

Action                     |  1- 3 |  4- 6 |  7- 9 | 10-12 | 13-15 | 16-18 || total
---------------------------+-------+-------+-------+-------+-------+-------++-------
  Melee: Spear             |    78 |   145 |   318 |       |       |       ||   541
         Dagger            |    58 |    93 |       |       |       |       ||   151
         Mace              |       |    13 |   272 |   170 |       |       ||   455
         Whip              |       |       |     4 |   836 |   247 |       ||  1087
         Morningstar       |       |       |       |     4 |   618 |   515 ||  1137
         Eveningstar       |       |       |       |       |   330 |   607 ||   937
         Demon whip        |       |       |       |       |       |    77 ||    77
  Throw: Dart              |       |     2 |     7 |     4 |     3 |       ||    16
 Invoke: Berserk           |     2 |     6 |     9 |    10 |    10 |    11 ||    48
         Brothers in Arms  |       |       |       |       |     1 |     1 ||     2
         Trog's Hand       |       |       |       |       |       |     1 ||     1
Ability: Invent Gizmo      |       |       |       |       |     1 |       ||     1
  Evoke: Wand              |       |       |       |     6 |     5 |     6 ||    17
    Use: Scroll            |     1 |       |     4 |     6 |    11 |     7 ||    29
         Potion            |       |       |     1 |       |     1 |     3 ||     5
   Stab: Paralysed         |       |       |       |     5 |     6 |       ||    11
         Distracted        |       |       |       |       |     1 |       ||     1
         Petrifying        |       |       |       |       |     1 |       ||     1
 Armour: Animal skin       |    23 |       |       |       |       |       ||    23
         Ring mail         |    50 |    34 |       |       |       |       ||    84
         Robe              |       |    26 |   228 |    49 |       |       ||   303
         Troll leather arm |       |       |       |   292 |   338 |    66 ||   696
         Plate armour      |       |       |       |       |       |   244 ||   244
         Swamp dragon scal |       |       |       |       |       |    92 ||    92
         Ice dragon scales |       |       |       |       |       |   111 ||   111
  Dodge: Dodged            |    48 |    65 |   229 |   338 |   500 |   473 ||  1653

Table legend: (Time is in decaauts)
 A = Elapsed time spent in this place.
 B = Non-inter-level travel time spent in this place.
 C = Inter-level travel time spent in this place.
 D = Time resting spent in this place.
 E = Time spent auto-exploring this place.
 F = Levels seen in this place.
 G = Mean time per level.
                   A        B        C        D        E       F      G
               +--------+--------+--------+--------+--------+-----+--------+
         Total |  33591 |  30913 |   2678 |   4885 |  19197 |  29 | 1158.3 |
       Dungeon |  17192 |  15320 |   1872 |   1831 |  10114 |  15 | 1146.1 |
          Lair |   5099 |   4594 |    505 |    197 |   3573 |   5 | 1019.8 |
         Swamp |   6423 |   6249 |    174 |   2124 |   2997 |   4 | 1605.8 |
  Orcish Mines |   1781 |   1656 |    125 |    325 |    995 |   2 |  890.5 |
        Vaults |   1893 |   1893 |      0 |    316 |   1286 |   1 | 1893.0 |
        Bailey |    722 |    722 |      0 |     32 |    179 |   1 |  722.0 |
      Gauntlet |    479 |    479 |      0 |     58 |     51 |   1 |  479.0 |
               +--------+--------+--------+--------+--------+-----+--------+

Top non-repeatable levels by time:
 Swamp:4: 2249 daAuts
Vaults:1: 1893 daAuts
    D:12: 1814 daAuts
 Swamp:3: 1798 daAuts
 Swamp:1: 1731 daAuts
    D:14: 1617 daAuts
     D:6: 1484 daAuts
     D:5: 1459 daAuts
     D:4: 1398 daAuts
     D:9: 1337 daAuts
  Lair:2: 1286 daAuts
     D:7: 1199 daAuts
     D:3: 1197 daAuts
    D:15: 1176 daAuts
  Lair:5: 1086 daAuts
